 Dungeon Crawl Stone Soup version 0.32-a0-576-g706899e69d (webtiles) character file.

Game seed: 3260861946137249690

1449 Malificent the Ruffian (level 8, -7/50 HPs)
             Began as an Octopode Shapeshifter on Mar 1, 2024.
             Was a Believer of Nemelex Xobeh.
             Mangled by a cyclops (28 damage)
             ... on level 6 of the Dungeon.
             The game lasted 00:15:47 (5374 turns).

Malificent the Ruffian (Octopode Shapeshifter)      Turns: 5374, Time: 00:15:49

Health: -7/50      AC:  1    Str: 20    XL:     8   Next: 75%
Magic:  8/8        EV: 13    Int: 17    God:    Nemelex Xobeh [**....]
Gold:   255        SH:  5    Dex: 10    Spells: 7/7 levels left

rFire   . .          .
                       - Unarmed
rCold   . . .        (no shield)
rNeg    . . .        (helmet currently unavailable)
rPois   .            i - amulet of reflection
rElec   .            d - +6 ring of strength
rCorr   .            (no ring)
SInv    .            (no ring)
Will    .....        (no ring)
Stlth   +++++        (no ring)
HPRegen 0.28/turn    (no ring)
MPRegen 0.11/turn    (no ring)
                     (no ring)

%: reflection
@: beast-form
A: beast (slay +3), almost no armour, amphibious, 8 rings, camouflage 1,
gelatinous body 1, nimble swimmer 1, tentacles, clever 1
a: Begin Untransformation, Renounce Religion, Draw Escape, Draw Destruction,
Draw Summoning


You were on level 6 of the Dungeon.
You worshipped Nemelex Xobeh.
Nemelex Xobeh was pleased with you.
You were a hulking beast.
You visited 1 branch of the dungeon, and saw 6 of its levels.

You collected 255 gold pieces.

Inventory:

Jewellery
 d - a +6 ring of strength (left tentacle)
 i - an amulet of reflection (around mantle)
Talismans
 b - a beast talisman (active)
 c - a flux talisman
Scrolls
 e - 2 scrolls of fog
 h - 5 scrolls of teleportation
 j - a scroll of noise
Potions
 a - a potion of lignification
 f - a potion of brilliance {unknown}
 g - 2 potions of curing
 k - a potion of enlightenment
 l - a potion of attraction {unknown}
 m - a potion of might
 p - 2 potions of heal wounds
 q - a potion of ambrosia


   Skills:
 + Level 1.9 Fighting
 + Level 3.0 Dodging
 + Level 6.6 Stealth
 + Level 0.7 Shields
 + Level 7.5 Unarmed Combat
 + Level 0.9 Evocations
 * Level 5.7 Shapeshifting


You had 7 spell levels left.
You didn't know any spells.
Your spell library contained the following spells:

 Spells                   Type           Power      Damage    Failure   Level
 Call Imp                 Summ           0%         N/A       34%         2
 Sublimation of Blood     Necr           0%         N/A       34%         2
 Summon Hydra             Summ           0%         N/A       100%        7


Dungeon Overview and Level Annotations

Branches:
Dungeon (6/15)             Temple (0/1) D:5

Altars:
Ashenzari
Fedhas
Nemelex Xobeh
Trog
The Shining One

Shops:
D:5 [


Innate Abilities, Weirdness & Mutations

You are a hulking beast.
Your limbs bulge with bestial killing power. (Slay +3)
You cannot wear most types of armour.
You are amphibious.
You can wear up to eight rings at the same time.
Your skin changes colour to match your surroundings (Stealth+).
Your rubbery body absorbs attacks. (AC +1, EV +1)
You are camouflaged when in or above water. (Stealth+)
You have tentacles for arms and can constrict up to eight enemies at once.
Your mind is acute. (Int +4, Str/Dex -1)


Message History

Press: ? - help, Shift-Dir - straight line, f - troll
Aim: a troll (wandering, hasn't noticed you) Space twists violently!
The rupture engulfs the troll!
The troll blinks!
You hear a shout! x2; You hear a howl!
You tentacle-slap the troll. Your squeeze misses the troll.
The troll is lightly wounded.
You block the troll's attack. The troll closely misses you. x2
You barely miss the troll. You squeeze the troll!
The troll is moderately wounded.
The troll bites you. You block the troll's attack. The troll claws you!
You tentacle-slap the troll. You squeeze the troll.
The troll is heavily wounded.
The troll bites you! The troll barely misses you. The troll claws you.
You tentacle-slap the troll. You squeeze the troll!
The troll is severely wounded.
You bludgeon the troll! You tentacle-slap the troll.
You kill the troll!
Your Dodging skill increases to level 3!
You start resting.
A howler monkey comes into view.
You start resting.
HP restored.
You start waiting.
Done waiting.
Aiming: Warp Space
Press: ? - help, Shift-Dir - straight line Space twists violently!
The rupture engulfs the cyclops!
The cyclops is moderately wounded.
The now-empty wand crumbles to dust.
The cyclops throws a large rock.
The large rock hits you!!
There is a large open door, spattered with blood here.
You enter the shallow water.
An electric eel comes into view.
You tentacle-slap the cyclops.
The cyclops is moderately wounded.
The electric eel shoots out a bolt of lightning at you!
The bolt of electricity hits you. The cyclops hits you!!
Ouch! That really hurt!
You die...
Your body disappears without a glow.

.. ~~~~~.~~.~~~~~~
..
~~~~~.~~.~~~~~~~#
#+##
~~~~S♣..♣~~~~~~~#
#..#
~~~~~~~..~~~~~~~~#
...#
~~~h~~~..~~~~~~~~#
...#
~~~~~~~.!~~~~~~~#
...#
#~~~~~~..~~~~~~#
...#
#~~~~~..~~~~~##
...# ##~~~~..~hC~##
...# ##~~~..~~~##
##.####+#####''####
##.##....####..##
#.[.............+
#...............#
#...............#
#...............#
###+####.##.#####


You could see a cyclops, a howler monkey (wandering) and an electric eel.

Vanquished Creatures
  A troll (D:6)
  Sigmund (D:5)
  Duvessa (D:5)
  2 ice beasts (D:5)
  An ogre (D:5)
  A phantom (D:6)
  Blork the orc (D:6)
  A scorpion (D:4)
  Dowan (D:5)
  A bombardier beetle (D:5)
  A howler monkey (D:5)
  2 hounds
  4 iguanas
  Natasha (D:2)
  An orc wizard (D:4)
  6 adders
  4 gnolls (D:5)
  A white imp (D:6)
  2 ufetubi (D:5)
  3 dart slugs
  A ribbon worm (D:2)
  8 orcs
  3 endoplasms
  4 giant cockroaches
  7 goblins
  2 hobgoblins
  8 jackals
  5 kobolds
  A quokka (D:3)
  5 ball pythons
  2 bats (D:2)
  3 rats
85 creatures vanquished.

Notes
Turn   | Place    | Note
-------+----------+-------------------------------------------
     0 | D:1      | Malificent the Octopode Shapeshifter began the quest for
                  | the Orb.
     0 | D:1      | Reached XP level 1. HP: 13/13 MP: 1/1
    44 | D:1      | Reached XP level 2. HP: 17/18 MP: 2/2
   586 | D:1      | Gained mutation: You are frail. (-10% HP) [potion of
                  | mutation]
   586 | D:1      | Gained mutation: You occasionally shout uncontrollably at
                  | your foes. [potion of mutation]
   586 | D:1      | Lost mutation: You occasionally shout uncontrollably at
                  | your foes. [potion of mutation]
   586 | D:1      | Lost mutation: You are frail. (-10% HP) [potion of
                  | mutation]
   746 | D:2      | Reached XP level 3. HP: 23/23 MP: 3/3
  1421 | D:2      | Noticed Natasha
  1425 | D:2      | Killed Natasha
  1426 | D:2      | Reached skill level 1 in Stealth
  1426 | D:2      | Reached XP level 4. HP: 26/28 MP: 4/4
  1686 | D:3      | Reached skill level 4 in Unarmed Combat
  1789 | D:3      | Found a bloodstained altar of Trog.
  2029 | D:3      | Found a faded altar of an unknown god.
  2441 | D:4      | Found a broken altar of Ashenzari.
  2445 | D:4      | Noticed a scorpion
  2458 | D:4      | Killed a scorpion
  2459 | D:4      | Reached XP level 5. HP: 21/33 MP: 5/5
  2732 | D:4      | Found a sparkling altar of Nemelex Xobeh.
  2736 | D:4      | Became a worshipper of Nemelex Xobeh the Trickster
  2831 | D:4      | Reached XP level 6. HP: 29/38 MP: 6/6
  2979 | D:4      | Gained mutation: Your muscles are strong. (Str +4, Int/Dex
                  | -1) [potion of mutation]
  2979 | D:4      | Gained mutation: Your muscles are very strong. (Str +8,
                  | Int/Dex -2) [potion of mutation]
  2979 | D:4      | Gained mutation: You passively map a small area around you.
                  | [potion of mutation]
  3073 | D:4      | Reached skill level 5 in Unarmed Combat
  3463 | D:5      | Entered Level 5 of the Dungeon
  3578 | D:5      | Reached * piety under Nemelex Xobeh
  3608 | D:5      | Noticed Sigmund
  3616 | D:5      | Killed Sigmund
  3617 | D:5      | Reached XP level 7. HP: 32/43 MP: 7/7
  3824 | D:5      | Reached skill level 5 in Stealth
  3824 | D:5      | Reached skill level 6 in Unarmed Combat
  3853 | D:5      | Found a glowing golden altar of the Shining One.
  4206 | D:5      | Received a gift from Nemelex Xobeh
  4237 | D:5      | Found a staircase to the Ecumenical Temple.
  4324 | D:5      | Reached XP level 8. HP: 50/50 MP: 8/8
  4357 | D:5      | Noticed Duvessa
  4359 | D:5      | Noticed Dowan
  4369 | D:5      | Killed Duvessa
  4370 | D:5      | Reached skill level 5 in Shapeshifting
  4373 | D:5      | Killed Dowan
  4524 | D:5      | Found Qemaxa's Armour Shoppe.
  4621 | D:5      | Reached skill level 7 in Unarmed Combat
  4724 | D:5      | Found a blossoming altar of Fedhas.
  4906 | D:6      | Received a gift from Nemelex Xobeh
  4908 | D:6      | Lost mutation: Your muscles are very strong. (Str +8,
                  | Int/Dex -2) [potion of mutation]
  4908 | D:6      | Lost mutation: Your muscles are strong. (Str +4, Int/Dex
                  | -1) [potion of mutation]
  4908 | D:6      | Lost mutation: You passively map a small area around you.
                  | [potion of mutation]
  4908 | D:6      | Gained mutation: Your mind is acute. (Int +4, Str/Dex -1)
                  | [potion of mutation]
  4911 | D:6      | Noticed Blork the orc
  4922 | D:6      | Killed Blork the orc
  5038 | D:6      | Noticed a troll
  5038 | D:6      | Noticed a cyclops
  5046 | D:6      | Reached ** piety under Nemelex Xobeh
  5166 | D:6      | Killed a troll
  5374 | D:6      | Mangled by a cyclops

Illustrated notes

Levels and vault maps discovered:
D:1:      onia_arrival_pyramid, layout_loops_ring, serial_bayou_ford_a,
          chequers_serial_rivers_small_3, minmay_misc_feat_cross
D:2:      layout_basic, uniq_natasha
D:3:      layout_loops_ring, lightli_temple_of_fire,
          dreamdust_ecumenical_altar_hidden_monk_grotto
D:4:      layout_basic, cheibrodos_ashenzari_chains,
          mainiacjoe_overflow_alcove_4
D:5:      layout_layer_cave, fedhas_altar_fruit_tree,
          nicolae_tso_swordbearing_angel, temple_statues, serial_shops,
          nicolae_shop_back_alley_shop, uniq_sigmund, uniq_duvessa
D:6:      kennysheep_big_flooded_room, layout_gridville,
          gammafunk_ghost_gnarly_gnolls, uniq_blork_the_orc, uniq_grinder

Skill      XL: |  1  2  3  4  5  6  7  8 |
---------------+-------------------------+-----
Stealth        | 1 3 4 5 6 |  6.6
Unarmed Combat | 4 5 6 7 |  7.5
Shapeshifting  | 4 5 |  5.7
Dodging        | 3 |  3.0
Fighting       | |  1.9
Shields        | |  0.7
Evocations     | |  0.9

Action                     |  1- 3 |  4- 6 |  7- 9 || total
---------------------------+-------+-------+-------++-------
  Melee: Unarmed           |    51 |    67 |    48 ||   166
         Constrict         |    22 |    19 |    11 ||    52
         Tentacles         |    11 |    10 |    17 ||    38
         Punch             |     1 |     4 |     5 ||    10
  Evoke: Wand              |       |       |     7 ||     7
    Use: Scroll            |     7 |       |     8 ||    15
         Potion            |     1 |     1 |     1 ||     3
   Stab: Sleeping          |     4 |     8 |     3 ||    15
         Distracted        |     1 |       |       ||     1
 Armour: Skin              |    20 |    24 |    16 ||    60
  Dodge: Dodged            |    23 |    27 |    29 ||    79
  Block: Other             |       |     7 |     7 ||    14

Table legend: (Time is in decaauts)
 A = Elapsed time spent in this place.
 B = Non-inter-level travel time spent in this place.
 C = Inter-level travel time spent in this place.
 D = Time resting spent in this place.
 E = Time spent auto-exploring this place.
 F = Levels seen in this place.
 G = Mean time per level.
                   A        B        C        D        E       F      G
               +--------+--------+--------+--------+--------+-----+--------+
         Total |   5357 |   5283 |     74 |    768 |   3510 |   6 |  892.8 |
       Dungeon |   5357 |   5283 |     74 |    768 |   3510 |   6 |  892.8 |
               +--------+--------+--------+--------+--------+-----+--------+

Top non-repeatable levels by time:
     D:5: 1429 daAuts
     D:2: 1035 daAuts
     D:4: 1021 daAuts
     D:3: 783 daAuts
     D:1: 612 daAuts
     D:6: 474 daAuts
